 Dungeon Crawl Stone Soup version 0.30-a0-125-g51eefa89be (webtiles) character file.

Game seed: 6277196769636368962

58 timneilson the Shield-Bearer (level 4, -1/28 HPs)
             Began as a Gargoyle Fighter on Sept 18, 2022.
             Slain by a gnoll
             ... wielding a +0 whip
              (5 damage)
             ... on level 2 of the Dungeon.
             The game lasted 00:01:26 (1068 turns).

timneilson the Shield-Bearer (Gargoyle Fighter)     Turns: 1068, Time: 00:01:27

Health: -1/28      AC: 11    Str: 22    XL:     4   Next: 2%
Magic:  4/4        EV:  9    Int:  8    God:
Gold:   81         SH:  4    Dex:  9    Spells: 3/3 levels left

rFire   . . .      SeeInvis .    a - +0 long sword
rCold   . . .      Faith    .    c - +0 buckler
rNeg    + . .      Spirit   .    b - +0 scale mail
rPois   ∞          Reflect  .    h - +0 helmet
rElec   +          Harm     .    (no cloak)
rCorr   .          Rampage  .    (no gloves)
Will    .....                    (no boots)
Stlth   ..........               (no amulet)
HPRegen 0.09/turn                (no ring)
MPRegen 0.09/turn                (no ring)

@: no status effects
A: sickness immunity, AC +3, negative energy resistance 1, electricity
resistance, torment resistance 1, petrification resistance
a: no special abilities


You were on level 2 of the Dungeon.
You visited 1 branch of the dungeon, and saw 2 of its levels.

You collected 81 gold pieces.

Inventory:

Hand Weapons
 a - a +0 long sword (weapon)
Armour
 b - a +0 scale mail (worn)
 c - a +0 buckler (worn)
 h - a +0 helmet (worn)
Scrolls
 e - a scroll of amnesia {unknown}
 i - a scroll of identify
 j - 2 scrolls of enchant armour {unknown}
 l - 3 scrolls of blinking {unknown}
Potions
 d - 2 potions of might
 f - a potion of mutation


   Skills:
 + Level 3.5 Fighting
 * Level 2.5 Long Blades
 * Level 3.8 Armour
 + Level 0.5 Dodging
 * Level 3.9 Shields


You had 3 spell levels left.
You didn't know any spells.
Your spell library contained the following spells:

 Spells                   Type           Power      Damage    Failure   Level
 Sting                    Tmut/Pois      0%         1d3       82%         1
 Poisonous Vapours        Pois/Air       0%         N/A       91%         2
 Olgreb's Toxic Radiance  Pois           0%         N/A       100%        4


Dungeon Overview and Level Annotations

Branches:
Dungeon (2/15)

Altars:


Innate Abilities, Weirdness & Mutations

You are immune to sickness and miasma.
Your stone body is resilient. (AC +3)
You are immune to poison.
You resist negative energy. (rN+)
You are resistant to electric shocks. (rElec)
You are resistant to unholy torment.
You are immune to petrification.


Message History

The gnoll closely misses you.
You barely miss the gnoll.
The gnoll is almost dead.
The gnoll hits you with a +1 vampiric whip.
* * * LOW HITPOINT WARNING * * *
The gnoll misses you.
It was a potion of magic.
Magic courses through your body. The gnoll hits you but does no damage.
It was a potion of curing.
You feel better. The gnoll hits you but does no damage.
You hit the gnoll but do no damage.
The gnoll is severely wounded.
The gnoll hits you but does no damage.
You hit the gnoll but do no damage.
The gnoll is severely wounded.
The gnoll closely misses you.
You completely miss the gnoll.
The gnoll is severely wounded.
The gnoll hits you with a +1 vampiric whip.
* * * LOW HITPOINT WARNING * * *
The gnoll hits you but does no damage.
You hit the gnoll.
You kill the gnoll!
You have reached level 4!
You feel stronger.
You barely miss the gnoll. You block the gnoll's attack.
You hit the gnoll.
The gnoll is moderately wounded.
The gnoll hits you but does no damage. You block the gnoll's attack.
You closely miss the gnoll.
The gnoll is moderately wounded.
The gnoll hits you but does no damage.
You closely miss the gnoll.
The gnoll is moderately wounded.
The gnoll hits you with a +0 whip.
* * * LOW HITPOINT WARNING * * *
You hit the gnoll.
The gnoll is heavily wounded.
The gnoll hits you with a +0 whip.
You die...

.## ##...#######.#### ..#
###.# #.# #.# #.# ####.#
#.# #.# #....# #.# #.#
#.#### . #.# #.# #..# .#
#.# #.# ##.# ..
#.#######.# #.# #$
#..rg@....#####.#
..##..###...####........#
..gg.........# #.########
##g#.g###...## #.# #...
#..## #.# $... #.## #.#
..: ..# #.# .. ...# #.# #
.#### #.#


You could see a gnoll and a rat.

Vanquished Creatures
  3 gnolls (D:2)
  3 bats (D:1)
  2 endoplasms (D:1)
  2 giant cockroaches (D:1)
  4 goblins (D:1)
  2 hobgoblins (D:1)
  6 ball pythons
  4 frilled lizards (D:1)
  A kobold (D:2)
  5 rats
32 creatures vanquished.

Notes
Turn   | Place    | Note
-------+----------+-------------------------------------------
     0 | D:1      | timneilson the Gargoyle Fighter began the quest for the
                  | Orb.
     0 | D:1      | Reached XP level 1. HP: 14/14 MP: 1/1
    94 | D:1      | Reached XP level 2. HP: 19/19 MP: 2/2
   564 | D:1      | Reached XP level 3. HP: 23/23 MP: 3/3
  1057 | D:2      | HP: 1/23 [gnoll/+1 vampiric whip (2)]
  1064 | D:2      | Reached XP level 4. HP: 7/28 MP: 4/4
  1068 | D:2      | Slain by a gnoll

Illustrated notes

Levels and vault maps discovered:
D:1:      mainiacjoe_arrival_reflecting_pool, layout_loops_ring,
          minmay_pentomino_s4
D:2:      layout_loops_ring, basic_altar

Skill      XL: |  1  2 |
---------------+-------+-----
Long Blades    | 2 |  2.5
Fighting       | |  3.5
Armour         | |  3.8
Dodging        | |  0.5
Shields        | |  3.9

Action                   |  1- 3 |  4- 6 || total
-------------------------+-------+-------++-------
Melee: Long sword        |   101 |     5 ||   106
  Use: Scroll            |     2 |       ||     2
       Potion            |     2 |       ||     2
Armor: Scale mail        |    46 |     2 ||    48
Dodge: Dodged            |    43 |       ||    43
Block: Buckler           |    22 |     2 ||    24

Table legend: (Time is in decaauts)
 A = Elapsed time spent in this place.
 B = Non-inter-level travel time spent in this place.
 C = Inter-level travel time spent in this place.
 D = Time resting spent in this place.
 E = Time spent auto-exploring this place.
 F = Levels seen in this place.
 G = Mean time per level.
                   A        B        C        D        E       F      G
               +--------+--------+--------+--------+--------+-----+--------+
         Total |   1102 |   1069 |     33 |      0 |    819 |   2 |  551.0 |
       Dungeon |   1102 |   1069 |     33 |      0 |    819 |   2 |  551.0 |
               +--------+--------+--------+--------+--------+-----+--------+

Top non-repeatable levels by time:
     D:1: 873 daAuts
     D:2: 228 daAuts
